 Dungeon Crawl Stone Soup version 0.26-a0-652-gafc20e3620 (webtiles) character file.

Game seed: 11146941184893536426

551 GoodGuyCap the Grave Robber (level 7, -1/48 HPs)
             Began as a Human Necromancer on Oct 2, 2020.
             Killed by divine providence
             ... invoked by an orc priest
              (10 damage)
             ... on level 8 of the Dungeon.
             The game lasted 00:13:08 (6794 turns).

GoodGuyCap the Grave Robber (Human Necromancer)     Turns: 6794, Time: 00:13:10

Health: -1/48      AC:  7    Str:  9    XL:     7   Next: 54%
Magic:  31/32      EV: 10    Int: 17    God:
Gold:   340        SH:  0    Dex: 13    Spells: 10/15 levels left

rFire    . . .     SeeInvis .   m - +1 whip (venom)
rCold    . . .     Faith    .   (no shield)
rNeg     . . .     Spirit   .   f - +0 ring mail
rPois    .         Reflect  .   (no helmet)
rElec    .         Harm     .   (no cloak)
rCorr    .         Rampage  .   (no gloves)
MR       .....                  h - +1 pair of boots
Stlth    +.........             (no amulet)
HPRegen  0.16/turn              b - ring of magical power
MPRegen  0.23/turn              o - ring of magical power

@: mighty, brilliant
A: no striking features
a: no special abilities


You were on level 8 of the Dungeon.
You visited 1 branch of the dungeon, and saw 7 of its levels.

You collected 340 gold pieces.

Inventory:

Hand Weapons
 m - a +1 whip of venom (weapon)
Armour
 f - a +0 ring mail (worn)
 h - a +1 pair of boots (worn)
Jewellery
 b - a ring of magical power (left hand)
 o - a ring of magical power (right hand)
 r - an uncursed ring of positive energy
Scrolls
 d - a scroll of noise
 l - 2 scrolls of remove curse
 p - a scroll of identify
Potions
 g - a potion of flight
 i - a potion of might
 q - a potion of ambrosia {unknown}


   Skills:
 + Level 1.0 Fighting
 + Level 1.4 Armour
 + Level 2.1 Dodging
 + Level 2.2 Stealth
 + Level 0.2 Unarmed Combat
 + Level 4.9 Spellcasting
 + Level 6.3 Necromancy


You had 10 spell levels left.
You knew the following spells:

 Your Spells              Type           Power        Failure   Level
a - Pain                  Necr           ####         3%          1
b - Animate Skeleton      Necr           #####.       3%          1
c - Vampiric Draining     Necr           #####.....   9%          3

Your spell library contained the following spells:

 Spells                   Type           Power        Failure   Level
 Animate Dead             Necr           #####.....   30%         4
 Agony                    Necr           #####...     63%         5


Dungeon Overview and Level Annotations

Branches:
Dungeon (6/15)
 Temple: D:4-7

Altars:
Ashenzari
Dithmenos
Fedhas

Portals:
Ossuary: D:4


Message History

You feel very mighty all of a sudden.
An orc priest comes into view. It is wielding a +0 dagger.
It was a potion of brilliance.
You feel clever all of a sudden.
It was a potion of curing.
You feel better.
The kobold hits you with a +0 short sword.
* * * LOW HITPOINT WARNING * * *
The big kobold hits you but does no damage.
A necrophage comes into view.
Found a jewelled brass wand.
Casting: Pain (safe; 3% risk of failure)
Confirm with . or Enter, or press ? or * to list all spells.
Aiming: Pain (safe; 3% risk of failure)
Press: ? - help, Shift-Dir - straight line, f - kobold
Aim: a kobold, wielding a +0 short sword (chance to defeat MR: 93%)
You feel a surge of power!
The kobold writhes in agony.
You kill the kobold!
The orc priest mumbles some strange prayers to Beogh against you.
Beogh smites you!
You die...

##.'...+..._...
#..#...#.......
#.o#####.......
#oo...# .......
#K##...⌠.##+##.
#.# #.#### #o#
... #K# #.. #@#
#. #.# #n# #.#
#.# #.# #/# #..


You could see a big kobold, a necrophage, an orc priest, 3 orcs and a kobold.

Vanquished Creatures
  A sky beast (D:6)
  A hound (D:4)
  An orc priest (D:6)
  An orc wizard (D:3)
  5 worker ants
  A hound skeleton (D:6)
  7 adders
  4 gnolls (D:3)
  An ufetubus (D:3)
  An ooze (D:4)
  2 worms (D:2)
  A dart slug (D:1)
  5 leopard geckos
  13 orcs
  A ball python (D:2)
  3 giant cockroaches
  8 goblins
  8 hobgoblins
  3 jackals (D:2)
  3 quokkas (D:3)
  8 bats
  6 frilled lizards
  5 kobolds
  12 rats
101 creatures vanquished.

Vanquished Creatures (collateral kills)
  An orc wizard (D:3)
1 creature vanquished.

Vanquished Creatures (others)
  4 toadstools (D:2)
4 creatures vanquished.

Grand Total: 106 creatures vanquished

Notes
Turn   | Place    | Note
-------+----------+-------------------------------------------
     0 | D:1      | GoodGuyCap the Human Necromancer began the quest for the
                  | Orb.
     0 | D:1      | Reached XP level 1. HP: 13/13 MP: 3/3
   107 | D:1      | Learned a level 1 spell: Animate Skeleton
   498 | D:1      | Reached XP level 2. HP: 15/19 MP: 0/5
  1640 | D:2      | Reached XP level 3. HP: 23/24 MP: 6/6
  2712 | D:2      | Found a blossoming altar of Fedhas.
  2740 | D:2      | Reached XP level 4. HP: 30/30 MP: 8/8
  3284 | D:3      | Reached XP level 5. HP: 19/35 MP: 10/10
  3688 | D:3      | Reached skill level 5 in Necromancy
  4057 | D:3      | Learned a level 3 spell: Vampiric Draining
  4865 | D:3      | Reached XP level 6. HP: 41/41 MP: 12/12
  6079 | D:4      | Reached skill level 6 in Necromancy
  6079 | D:4      | Reached XP level 7. HP: 36/46 MP: 13/13
  6153 | D:4      | Found a shadowy altar of Dithmenos.
  6256 | D:4      | Found a sand-covered staircase.
  6351 | D:5      | Entered Level 5 of the Dungeon
  6671 | D:6      | Reached skill level 1 in Armour
  6748 | D:6      | Reached skill level 1 in Fighting
  6776 | D:6      | You fall into a shaft and drop 2 floors!
  6776 | D:8      | Found a broken altar of Ashenzari.
  6794 | D:8      | Killed from afar by an orc priest

Illustrated notes

Levels and vault maps discovered:
D:1:      dpeg_arrival_pits, layout_basic, minmay_split_cup_small
D:2:      layout_basic, overflow_temple_1_default, minmay_gold_behind_fungi
D:3:      layout_loops_cross
D:4:      layout_basic, nemelex_altar_shiori, old_standard_altar,
          minmay_temple_entry_sparse_star, enter_ossuary_4,
          minmay_divided_ellipse, uniq_edmund
D:5:      layout_basic, gammafunk_temple_overflow_elements, uniq_blork_the_orc
D:6:      layout_rooms
D:8:      hangedman_cross_stitches, layout_rooms, kennysheep_little_box,
          grunt_ogre_cave, evilmike_ruin_ashenzari

Skill      XL: |  1  2  3  4  5  6  7 |
---------------+----------------------+-----
Spellcasting   | 3 4 |  4.9
Necromancy     | 5 6 |  6.3
Armour         | 1 |  1.4
Fighting       | 1 |  1.0
Dodging        | |  2.1
Stealth        | |  2.2
Unarmed Combat | |  0.2

Action                   |  1- 3 |  4- 6 |  7- 9 || total
-------------------------+-------+-------+-------++-------
Melee: Unarmed           |    11 |       |       ||    11
       Whip              |       |     6 |    29 ||    35
 Cast: Pain              |    75 |   145 |    21 ||   241
       Animate Skeleton  |       |    12 |       ||    12
  Use: Scroll            |     2 |     4 |     1 ||     7
       Potion            |       |       |     5 ||     5
Armor: Ring mail         |    14 |    32 |    21 ||    67
Dodge: Dodged            |    17 |    26 |    15 ||    58

Table legend: (Time is in decaauts)
 A = Elapsed time spent in this place.
 B = Non-inter-level travel time spent in this place.
 C = Inter-level travel time spent in this place.
 D = Time resting spent in this place.
 E = Time spent auto-exploring this place.
 F = Levels seen in this place.
 G = Mean time per level.
                   A        B        C        D        E       F      G
               +--------+--------+--------+--------+--------+-----+--------+
         Total |   6775 |   6590 |    185 |   2320 |   3295 |   7 |  967.9 |
       Dungeon |   6775 |   6590 |    185 |   2320 |   3295 |   7 |  967.9 |
               +--------+--------+--------+--------+--------+-----+--------+

Top non-repeatable levels by time:
     D:3: 2565 daAuts
     D:2: 1612 daAuts
     D:1: 1593 daAuts
     D:4: 579 daAuts
     D:6: 372 daAuts
     D:5: 34 daAuts
     D:8: 17 daAuts
